 Dungeon Crawl Stone Soup version 0.22.1-1-ga44c0e56f4 (webtiles) character file.

231 H0rd4k the Charlatan (level 6, 0/44 HPs)
             Began as a Human Artificer on Oct 18, 2018.
             Succumbed to a worker ant's poison
             ... on level 4 of the Dungeon.
             The game lasted 00:07:30 (3830 turns).

H0rd4k the Charlatan (Human Artificer)              Turns: 3830, Time: 00:07:30

Health: 0/44       AC:  3    Str: 13    XL:     6   Next: 24%
Magic:  8/8        EV: 12    Int: 13    God:
Gold:   168        SH:  0    Dex: 13    Spells: 5/5 levels left

rFire    . . .     SeeInvis .   t - +2 dagger (speed)
rCold    . . .     Gourm    .   (no shield)
rNeg     . . .     Faith    .   b - +0 leather armour
rPois    .         Spirit   .   (no helmet)
rElec    .         Reflect  .   (no cloak)
rCorr    .         Harm     .   (no gloves)
MR       .....                  (no boots)
Stlth    ++........             (no amulet)
HPRegen  0.14/turn              (no ring)
MPRegen  0.11/turn              (no ring)

@: lethally poisoned (0 -> -15)
A: no striking features
a: no special abilities


You were on level 4 of the Dungeon.
You were not hungry.

You visited 1 branch of the dungeon, and saw 5 of its levels.

You collected 168 gold pieces.

Inventory:

Hand Weapons
 a - a +0 short sword
 i - a +0 hunting sling
 o - a cursed -1 hunting sling
 t - a +2 dagger of speed (weapon)
 u - a +0 dagger of chaos
 w - a +0 hunting sling
Missiles
 q - 32 arrows
Armour
 b - a +0 leather armour (worn)
 k - a +0 plate armour
 s - a +0 plate armour
Wands
 c - a wand of flame (3)
 d - a wand of enslavement (15)
 e - a wand of random effects (7)
Scrolls
 g - 2 scrolls of fear {unknown}
 h - 3 scrolls of amnesia {unknown}
 j - 2 scrolls of identify {unknown}
 p - 3 scrolls of teleportation {unknown}
 r - a scroll of remove curse {unknown}
Potions
 m - a potion of curing {unknown}
 n - a potion of berserk rage {unknown}
Comestibles
 f - 10 rations


   Skills:
 + Level 2.1 Fighting
 + Level 3.0 Short Blades
 + Level 2.2 Armour
 + Level 3.0 Dodging
 + Level 1.7 Stealth
 + Level 3.8 Evocations


You had 5 spell levels left.
You didn't know any spells.
Your spell library was empty.

Dungeon Overview and Level Annotations

Branches:
Dungeon (5/15)
 Temple: D:4-7

Altars:
Xom

Annotations:
D:1 exclusion: downstairs
D:2 Crazy Yiuf, Robin, Terence
D:3 exclusion: upstairs, Sigmund


Message History

The worker ant bites you.
* * * LOW HITPOINT WARNING * * *
You are more poisoned.
The worker ant poisons you!
You barely miss the worker ant.
The worker ant is severely wounded.
* * * LOW HITPOINT WARNING * * *
You feel sick.
The worker ant bites you but does no damage.
You hit the worker ant but do no damage.
The worker ant is severely wounded.
* * * LOW HITPOINT WARNING * * *
You feel sick.
Evoke which item? (* to show all) (? for menu, Esc to quit)
Aiming: Throw Flame
Press: ? - help, Shift-Dir - straight line, f - worker ant
Aim: a worker ant (severely wounded)
The puff of flame hits the worker ant.
The worker ant is almost dead.
You die...

................)......#
...#...................#
...##..................#
..............
........#####
......#######
#.##......... ......#
#.##......... ........
#.##......... ......##
###'##.># . #..@....#
... #.!a....##+#....
#..............#
##..............
##.............
#.............
+..%..........
#.............
#.....####.###


You could see a worker ant.

Vanquished Creatures
  A crimson imp (D:4)
  A bullfrog skeleton (D:3)
  A worker ant (D:5)
  9 adders
  2 oozes
  A worm (D:3)
  A leopard gecko (D:2)
  An orc (D:4)
  4 bats
  3 giant cockroaches
  11 goblins
  8 hobgoblins
  A ball python (D:3)
  A frilled lizard (D:2)
  5 kobolds
  A leopard gecko skeleton (D:4)
  An orc zombie (D:4)
  4 rats
56 creatures vanquished.

Notes
Turn   | Place    | Note
-------+----------+-------------------------------------------
     0 | D:1      | H0rd4k the Human Artificer began the quest for the Orb.
     0 | D:1      | Reached XP level 1. HP: 15/15 MP: 3/3
   160 | D:1      | Reached XP level 2. HP: 11/21 MP: 4/4
   829 | D:2      | Noticed Terence
   886 | D:3      | Noticed Sigmund
   921 | D:3      | Reached XP level 3. HP: 21/26 MP: 5/5
  1543 | D:2      | Noticed Robin
  1558 | D:3      | Reached skill level 1 in Armour
  1558 | D:3      | Reached XP level 4. HP: 17/32 MP: 6/6
  2039 | D:3      | Found a shimmering altar of Xom.
  2679 | D:2      | Reached XP level 5. HP: 33/38 MP: 7/7
  2696 | D:2      | Found a runed door.
  3139 | D:2      | Noticed Crazy Yiuf
  3174 | D:2      | You fall through a shaft!
  3499 | D:3      | Reached XP level 6. HP: 21/44 MP: 8/8
  3569 | D:5      | Entered Level 5 of the Dungeon
  3610 | D:5      | HP: 2/44 [poisoned by a worker ant]
  3780 | D:5      | Noticed a sky beast
  3828 | D:4      | HP: 2/44 [poisoned by a worker ant]
  3830 | D:4      | Succumbed to a worker ant's poison

Skill      XL: |  1  2  3  4  5  6 |
---------------+-------------------+-----
Armour         | 1 2 |  2.2
Short Blades   | 2 3 |  3.0
Fighting       | 2 |  2.1
Dodging        | 3 |  3.0
Stealth        | |  1.7
Evocations     | |  3.8

Action                   |  1- 3 |  4- 6 || total
-------------------------+-------+-------++-------
Melee: Short sword       |   124 |    86 ||   210
       Dagger            |       |   111 ||   111
Evoke: Wand              |     3 |    17 ||    20
  Use: Potion            |       |     1 ||     1
 Stab: Sleeping          |     1 |     1 ||     2
       Paralysed         |       |     1 ||     1
  Eat: Chunk             |     2 |     7 ||     9
Armor: Leather armour    |    27 |    40 ||    67
Dodge: Dodged            |    58 |   110 ||   168
